cohdb
Replays
Latest Replays
All Replays
Popular Replays
Top Player Replays
Match Explorer
How It Works
Community
CoH3 Stats
Reddit
Sign in to upload your games and track your stats! →
Sign in with Steam
Match 45946449
Unlisted
Match 45946449
Overview
Messages
Build Orders
End
Construct Barracks
Riflemen Squad
Riflemen Squad
Riflemen Squad
Construct Medical Station
Infantry Support Center
Selects Advanced Infantry Battlegroup
Construct Medical Station
Selects Ammunition Storage
Construct Weapon Support Center
Bazooka Squad
M3 Armored Personnel Carrier
Selects M2A1 105mm Howitzer Emplacement
Engineer Squad
Advanced Logistics
Selects Convert to Ranger Squad
Convert to Ranger Squad
Selects Free Fire Drills
Improved M9 Bazooka Rockets
Munitions Surplus
Selects Designate Assault Position
Designate Assault Position
Selects Ranger Weapon Training
Convert to Ranger Squad
Survival Training
Designate Assault Position
Captain Retinue
Bazooka Squad
豪师傅
hellofr13nd
Angrybirds
Xufe
0
0
Comments
sign in to comment!
No comments posted yet!